 Dungeon Crawl Stone Soup version 0.31-a0-702-gf82c85558f (webtiles) character file.

Game seed: 10203730735123775484

6639 qw the Skirmisher (level 11, -1/68 HPs)
             Began as a Gargoyle Hunter on Sept 8, 2023.
             Was an Elder of Okawaru.
             Killed from afar by an ophan (25 damage)
             ... with a bolt of fire
             ... on level 1 of the Abyss.
             The game lasted 00:04:05 (7744 turns).

qw the Skirmisher (Gargoyle Hunter)                 Turns: 7744, Time: 00:04:06

Health: -1/68      AC: 26    Str: 16    XL:     11   Next: 2%
Magic:  13/15      EV: 15    Int:  9    God:    Okawaru [****..]
Gold:   261        SH:  0    Dex: 17    Spells: 10/10 levels left

rFire   . . .        Y - +0 orcbow
rCold   . . .        (shield currently unavailable)
rNeg    + . .        g - +0 swamp dragon scales
rPois   inf          (no helmet)
rElec   +            k - +0 cloak
rCorr   +            c - +0 pair of gloves
SInv    .            m - +0 pair of boots
Will    .....        (no amulet)
Stlth   +            l - +4 ring of protection
HPRegen 0.31/turn    i - ring of resist corrosion
MPRegen 0.14/turn

%: no passive effects
@: heroic, glowing
A: sickness immunity, AC +8, negative energy resistance 1, electricity
resistance, torment resistance 1, petrification resistance
a: Renounce Religion, Heroism, Finesse


You were on level 1 of the Abyss.
You worshipped Okawaru.
Okawaru was greatly pleased with you.
You visited 2 branches of the dungeon, and saw 10 of its levels.
You visited the Abyss 1 time.

You collected 409 gold pieces.
You spent 148 gold pieces at shops.


Innate Abilities, Weirdness & Mutations

You are immune to sickness and miasma.
Your stone body is resilient. (AC +8)
You are immune to poison.
You resist negative energy. (rN+)
You are resistant to electric shocks. (rElec)
You are resistant to unholy torment.
You are immune to petrification.


   Skills:
 + Level 8.0(13.0) Fighting
 - Level 13.0(18.0) Ranged Weapons
 - Level 5.1(10.1) Armour
 - Level 3.0(8.0) Dodging
 - Level 1.1(6.1) Stealth
 + Level 6.0 Invocations


You had 10 spell levels left.
You didn't know any spells.
Your spell library was empty.

Inventory:

Hand Weapons
 Y - a +0 orcbow (weapon)
Armour
 c - a +0 pair of gloves (worn)
 g - +0 swamp dragon scales (worn)
 k - a +0 cloak (worn)
 m - a +0 pair of boots (worn)
Jewellery
 i - a ring of resist corrosion (right hand)
 l - a +4 ring of protection (left hand)
 n - a ring of ice
Scrolls
 b - a scroll of identify
 d - 4 scrolls of teleportation
Potions
 a - 3 potions of mutation
 e - a potion of haste
 f - a potion of resistance
 h - a potion of curing {unknown}
 j - a potion of heal wounds
 o - a potion of might
 p - a potion of enlightenment {unknown}

Dungeon Overview and Level Annotations

Branches:
Dungeon (9/15)             Temple (1/1) D:4
   Lair: D:8-11         Orc: D:9-12

Altars:
Ashenzari
Cheibriados
Dithmenos
Fedhas
Gozag
Hepliaklqana
Kikubaaqudgha
Makhleb
Nemelex Xobeh
Okawaru
Qazlal
Ru
Sif Muna
Trog
Uskayaw
Vehumet
Wu Jian
Xom
Yredelemnul
Zin
The Shining One
Jiyva

Shops:
D:4 [

Annotations:
D:6 exclusion: 5 electric eels
D:9 Erolcha


Message History

You shoot an arrow. The arrow hits the white imp!
You kill the white imp!
Okawaru accepts your kill.
There is an open door here.
An ophan comes into view.
You shoot an arrow.
The arrow hits the ophan but does no damage.
The ophan harnesses the cleansing power of fire!
The bolt of fire hits you.
You shoot an arrow. The arrow hits the ophan!
The ophan is lightly wounded.
You shoot an arrow.
The arrow hits the ophan but does no damage.
The ophan is lightly wounded.
You shoot an arrow. The arrow hits the ophan!
The ophan is lightly wounded.
You shoot an arrow. The arrow closely misses the ophan.
You shoot an arrow. The arrow barely misses the ophan.
You shoot an arrow.
The arrow hits the ophan but does no damage.
The ophan is lightly wounded.
You shoot an arrow. The arrow hits the ophan!
The ophan is moderately wounded.
The ophan calls forth blessed flames!
Blessed fire suddenly surrounds you!
You shoot an arrow.
The arrow hits the ophan but does no damage.
The ophan is moderately wounded.
You shoot an arrow. The arrow hits the ophan!
The ophan is heavily wounded.
A worldbinder comes into view.
The ophan harnesses the cleansing power of fire!
The bolt of fire hits you!!!
Ouch! That really hurt!
Enter note:
7744 ||| INVOKING Heroism.
You gain the combat prowess of a mighty hero.
The ophan harnesses the cleansing power of fire!
The bolt of fire hits you!!
You die...

. .. . ...#..
#.....#####
.x#'###.....##.. ###+
#............#..
.....#...........# .## #
....#............# ... .
.'...........#...##.
#¤¤¤....... ##.# #
#¤@¤..........### .
......G######'####.....#
....... .. ... ..# ..#
...#.... ...#..# ..## #
....... ..#...#..#. #
###....# # .#... ....
##.... ¤... .#...##.
#......#.. . .... . .
.....## # .# ##.#


You could see an ophan and a worldbinder.

Vanquished Creatures
  Maurice (D:9)
  Maggie (D:7)
  An orange demon (Abyss:1)
  A wraith (D:9)
  5 yaks (D:9)
  A wyvern (D:9)
  A steam dragon (D:9)
  An acid dragon (D:9)
  2 water moccasins (D:5)
  An orc warrior (D:9)
  3 ice beasts
  A sky beast (D:7)
  A black bear (D:6)
  2 centaurs (D:8)
  Blork the orc (D:5)
  A kobold brigand (D:8)
  A gnoll sergeant (D:9)
  2 scorpions (D:6)
  2 bullfrogs (D:7)
  5 wights (D:8)
  39 killer bees
  2 howler monkeys (D:9)
  An electric eel (D:6)
  A centaur zombie (D:6)
  5 bullfrog zombies (D:6)
  A human zombie (D:6)
  5 jellies
  4 hounds
  An orc priest (D:8)
  2 sleepcaps
  An iguana (D:6)
  Ijyb (D:3)
  2 orc wizards
  3 mummies (D:6)
  2 howler monkey zombies (D:6)
  8 gnolls
  8 adders
  2 shadow imps
  4 white imps
  2 worms (D:3)
  5 dart slugs
  19 orcs
  3 ball pythons
  3 endoplasms
  3 giant cockroaches
  4 hobgoblins
  7 jackals (D:1)
  3 quokkas
  3 bats
  6 frilled lizards
  10 goblins
  14 kobolds
  3 rats
211 creatures vanquished.

Notes
Turn   | Place    | Note
-------+----------+-------------------------------------------
     0 | D:1      | qw the Gargoyle Hunter began the quest for the Orb.
     0 | D:1      | Reached XP level 1. HP: 12/12 MP: 1/1
     0 | D:1      | 0 ||| qw: Version: 0.3-a-76-g4403597
     0 | D:1      | 0 ||| qw: Game counter: 1177
     0 | D:1      | 0 ||| qw: Melee chars always use a shield: true
     0 | D:1      | 0 ||| qw: God list: Okawaru
     0 | D:1      | 0 ||| qw: Allow faded altars: false
     0 | D:1      | 0 ||| qw: Do Orc after clearing Dungeon:15 true
     0 | D:1      | 0 ||| qw: Do second Lair branch before Depths: true
     0 | D:1      | 0 ||| qw: Lair rune preference: random
     0 | D:1      | 0 ||| qw: Goals: Normal
     0 | D:1      | 0 ||| PLANNING D:1-11
    54 | D:1      | 54 ||| Stepping ~*~*~tactically~*~*~ (retreating).
    55 | D:1      | 55 ||| Stepping ~*~*~tactically~*~*~ (retreating).
    60 | D:1      | 60 ||| Stepping ~*~*~tactically~*~*~ (retreating).
    77 | D:1      | Reached XP level 2. HP: 17/17 MP: 2/2
   115 | D:1      | Reached XP level 3. HP: 21/21 MP: 3/3
   323 | D:1      | Reached skill level 5 in Ranged Weapons
   366 | D:1      | Found a faded altar of an unknown god.
   599 | D:1      | 599 ||| READING scroll labelled EFUANE DINONOQ.
   700 | D:1      | 700 ||| READING scroll labelled UMOXUXK HEYCIN.
   701 | D:1      | 701 ||| READING scroll labelled MOGOSS DI IXO.
   702 | D:1      | 702 ||| DROPPING scroll of butterflies.
   864 | D:2      | 864 ||| FLEEEEING.
   872 | D:2      | Reached skill level 3 in Fighting
   964 | D:2      | Reached XP level 4. HP: 28/28 MP: 4/4
   965 | D:2      | Found a hide-covered altar of Uskayaw.
  1291 | D:2      | 1291 ||| UPGRADING to +0 cloak.
  1296 | D:2      | 1296 ||| UPGRADING to +0 ring mail.
  1306 | D:2      | 1306 ||| DROPPING +0 leather armour.
  1307 | D:2      | 1307 ||| DROPPING amulet of magic regeneration.
  1308 | D:2      | 1308 ||| UPGRADING to +4 ring of protection.
  1309 | D:2      | 1309 ||| READING scroll labelled QOLEISI TIHA.
  1310 | D:2      | 1310 ||| READING scroll labelled DIFAEK BIVE.
  1315 | D:2      | 1315 ||| READING scroll labelled JIAHA DORY.
  1316 | D:2      | 1316 ||| READING scroll labelled HISACKARGHO.
  1317 | D:2      | 1317 ||| DRINKING 2 inky potions.
  1318 | D:2      | 1318 ||| READING 2 scrolls of identify.
  1318 | D:2      | 1318 ||| IDENTIFYING blue potion
  1402 | D:3      | Reached skill level 1 in Armour
  1576 | D:3      | 1576 ||| Stepping ~*~*~tactically~*~*~ (retreating).
  1578 | D:3      | 1578 ||| Stepping ~*~*~tactically~*~*~ (retreating).
  1590 | D:3      | 1590 ||| FLEEEEING.
  1591 | D:3      | 1591 ||| FLEEEEING.
  1592 | D:3      | 1592 ||| FLEEEEING.
  1593 | D:3      | 1593 ||| FLEEEEING.
  1594 | D:3      | 1594 ||| FLEEEEING.
  1595 | D:3      | 1595 ||| FLEEEEING.
  1596 | D:3      | 1596 ||| FLEEEEING.
  1597 | D:3      | 1597 ||| FLEEEEING.
  1598 | D:3      | 1598 ||| FLEEEEING.
  1599 | D:3      | 1599 ||| FLEEEEING.
  1600 | D:3      | 1600 ||| FLEEEEING.
  1601 | D:3      | 1601 ||| FLEEEEING.
  1602 | D:3      | 1602 ||| FLEEEEING.
  1603 | D:3      | 1603 ||| FLEEEEING.
  1604 | D:3      | 1604 ||| FLEEEEING.
  1605 | D:3      | 1605 ||| FLEEEEING.
  1606 | D:3      | 1606 ||| FLEEEEING.
  1607 | D:3      | 1607 ||| FLEEEEING.
  1608 | D:3      | 1608 ||| FLEEEEING.
  1609 | D:3      | 1609 ||| FLEEEEING.
  1610 | D:3      | 1610 ||| FLEEEEING.
  1611 | D:3      | 1611 ||| FLEEEEING.
  1612 | D:3      | 1612 ||| FLEEEEING.
  1613 | D:3      | 1613 ||| FLEEEEING.
  1618 | D:3      | Reached XP level 5. HP: 27/32 MP: 5/5
  2079 | D:3      | Noticed Ijyb
  2086 | D:3      | Killed Ijyb
  2087 | D:3      | Reached skill level 6 in Ranged Weapons
  2216 | D:3      | 2216 ||| UPGRADING to ring of resist corrosion.
  2217 | D:3      | 2217 ||| READING scroll labelled ARIVVIT KALIAC.
  2218 | D:3      | 2218 ||| READING scroll labelled JYOMME METOF.
  2219 | D:3      | 2219 ||| READING 3 scrolls of identify.
  2219 | D:3      | 2219 ||| IDENTIFYING fuming purple potion
  2220 | D:3      | 2220 ||| READING 2 scrolls of identify.
  2220 | D:3      | 2220 ||| IDENTIFYING fuming cyan potion
  2221 | D:3      | 2221 ||| DROPPING potion of brilliance.
  2222 | D:3      | 2222 ||| DROPPING potion of lignification.
  2415 | D:4      | Found a staircase to the Ecumenical Temple.
  2416 | D:4      | 2416 ||| PLANNING TEMPLE
  2416 | D:4      | 2416 ||| READING 2 scrolls of identify.
  2416 | D:4      | 2416 ||| IDENTIFYING fizzy yellow potion
  2417 | D:4      | 2417 ||| DROPPING potion of degeneration.
  2426 | Temple   | Entered the Ecumenical Temple
  2427 | Temple   | 2427 ||| PLANNING OKAWARU WORSHIP
  2435 | Temple   | Became a worshipper of Warmaster Okawaru
  2436 | Temple   | 2436 ||| PLANNING D:1-11
  2448 | D:4      | Found Rioc Nodgh's Antique Armour Emporium.
  2457 | D:4      | 2457 ||| BUYING pair of gloves (148 gold).
  2457 | D:4      | Bought a pair of gloves for 148 gold pieces
  2457 | D:4      | 2457 ||| SHOPLISTING runed ring mail (231 gold, have 17).
  2638 | D:4      | Reached XP level 6. HP: 38/38 MP: 6/6
  2966 | D:4      | 2966 ||| UPGRADING to +0 pair of gloves.
  2971 | D:4      | 2971 ||| UPGRADING to +0 pair of boots.
  2976 | D:4      | 2976 ||| READING scroll labelled GOSEOKEJ AMEDO.
  2977 | D:4      | 2977 ||| READING scroll labelled CAXOJI DEIM.
  2993 | D:5      | Entered Level 5 of the Dungeon
  3046 | D:5      | Noticed a water moccasin
  3060 | D:5      | Killed a water moccasin
  3061 | D:5      | Reached skill level 3 in Armour
  3159 | D:5      | Noticed a water moccasin
  3169 | D:5      | Killed a water moccasin
  3169 | D:5      | Reached * piety under Okawaru
  3170 | D:5      | Reached skill level 7 in Ranged Weapons
  3170 | D:5      | Reached XP level 7. HP: 36/43 MP: 7/7
  3273 | D:5      | Noticed Blork the orc
  3274 | D:5      | 3274 ||| INVOKING Heroism.
  3280 | D:5      | Killed Blork the orc
  3281 | D:5      | Reached skill level 1 in Invocations
  3357 | D:5      | Found a broken altar of Ashenzari.
  3381 | D:5      | Found a sacrificial altar of Ru.
  3546 | D:5      | Found an ornate altar of the Wu Jian Council.
  3546 | D:5      | Found a glowing golden altar of the Shining One.
  3554 | D:5      | Found a faded altar of an unknown god.
  3556 | D:5      | Found a snail-covered altar of Cheibriados.
  3558 | D:5      | Found a bloodstained altar of Trog.
  3591 | D:5      | 3591 ||| RETREATING.
  3593 | D:5      | 3593 ||| Stepping ~*~*~tactically~*~*~ (retreating).
  3594 | D:5      | 3594 ||| Stepping ~*~*~tactically~*~*~ (retreating).
  3595 | D:5      | 3595 ||| Stepping ~*~*~tactically~*~*~ (retreating).
  3596 | D:5      | 3596 ||| Stepping ~*~*~tactically~*~*~ (retreating).
  3597 | D:5      | 3597 ||| INVOKING Heroism.
  3612 | D:5      | 3612 ||| INVOKING Heroism.
  3631 | D:5      | 3631 ||| INVOKING Heroism.
  3633 | D:5      | Reached XP level 8. HP: 30/48 MP: 5/10
  3636 | D:5      | Reached skill level 8 in Ranged Weapons
  3636 | D:5      | Reached skill level 3 in Invocations
  3833 | D:6      | Identified the +5 trident "Iffud" {heavy, *Corrode rN+
                  | Int+2}
  3916 | D:6      | 3916 ||| INVOKING Heroism.
  3942 | D:6      | 3942 ||| FLEEEEING.
  3947 | D:6      | 3947 ||| FLEEEEING.
  4037 | D:6      | 4037 ||| INVOKING Heroism.
  4328 | D:6      | Found a sparkling altar of Nemelex Xobeh.
  4464 | D:6      | Found a basalt altar of Yredelemnul.
  4565 | D:6      | Reached skill level 9 in Ranged Weapons
  4621 | D:6      | Reached ** piety under Okawaru
  4655 | D:6      | Reached skill level 6 in Fighting
  4812 | D:6      | 4812 ||| READING 2 scrolls of identify.
  4812 | D:6      | 4812 ||| IDENTIFYING brown potion
  4854 | D:7      | Reached XP level 9. HP: 50/55 MP: 12/12
  4891 | D:7      | 4891 ||| READING 2 scrolls of identify.
  4891 | D:7      | 4891 ||| IDENTIFYING sedimented silvery potion
  5003 | D:7      | 5003 ||| DROPPING scarf of harm.
  5004 | D:7      | 5004 ||| DRINKING 2 bubbling red potions.
  5005 | D:7      | 5005 ||| DROPPING potion of invisibility.
  5136 | D:6      | Found a shimmering blue altar of Sif Muna.
  5186 | D:6      | 5186 ||| READING 2 scrolls of identify.
  5186 | D:6      | 5186 ||| IDENTIFYING white potion
  5187 | D:6      | 5187 ||| DROPPING potion of attraction.
  5258 | D:7      | Noticed Maggie
  5268 | D:7      | 5268 ||| INVOKING Heroism.
  5276 | D:7      | Killed Maggie
  5277 | D:7      | Reached skill level 10 in Ranged Weapons
  5519 | D:7      | 5519 ||| INVOKING Heroism.
  5542 | D:7      | Found a burning altar of Makhleb.
  5655 | D:7      | 5655 ||| UPGRADING to +0 swamp dragon scales.
  5665 | D:7      | 5665 ||| DROPPING +0 ring mail.
  5714 | D:8      | 5714 ||| Stepping ~*~*~tactically~*~*~ (retreating).
  5715 | D:8      | 5715 ||| Stepping ~*~*~tactically~*~*~ (retreating).
  5716 | D:8      | 5716 ||| Stepping ~*~*~tactically~*~*~ (retreating).
  5856 | D:8      | Found a shadowy altar of Dithmenos.
  5881 | D:8      | Found a hazy altar of Hepliaklqana.
  5937 | D:8      | 5937 ||| Stepping ~*~*~tactically~*~*~ (retreating).
  5938 | D:8      | 5938 ||| Stepping ~*~*~tactically~*~*~ (retreating).
  5939 | D:8      | 5939 ||| Stepping ~*~*~tactically~*~*~ (retreating).
  5941 | D:8      | 5941 ||| Stepping ~*~*~tactically~*~*~ (retreating).
  5953 | D:8      | Reached *** piety under Okawaru
  5962 | D:8      | 5962 ||| INVOKING Heroism.
  5968 | D:8      | Reached skill level 11 in Ranged Weapons
  6049 | D:8      | 6049 ||| INVOKING Heroism.
  6051 | D:8      | 6051 ||| Stepping ~*~*~tactically~*~*~ (retreating).
  6053 | D:8      | 6053 ||| Stepping ~*~*~tactically~*~*~ (retreating).
  6057 | D:8      | Reached skill level 3 in Dodging
  6069 | D:8      | Reached XP level 10. HP: 63/63 MP: 13/13
  6078 | D:8      | Found a viscous altar of Jiyva.
  6103 | D:8      | 6103 ||| Stepping ~*~*~tactically~*~*~ (outnumbered).
  6540 | D:8      | 6540 ||| FLEEEEING.
  6594 | D:8      | Noticed an elephant
  6889 | D:8      | 6889 ||| SWAPPING to +0 orcbow.
  6897 | D:8      | 6897 ||| DROPPING +1 shortbow of draining.
  6951 | D:8      | 6951 ||| READING scroll labelled YLEICI RIU.
  6952 | D:8      | 6952 ||| READING 3 scrolls of identify.
  6952 | D:8      | 6952 ||| IDENTIFYING green potion
  6953 | D:8      | 6953 ||| READING 2 scrolls of identify.
  6953 | D:8      | 6953 ||| IDENTIFYING coppery potion
  6954 | D:8      | 6954 ||| DROPPING potion of berserk rage.
  7004 | D:9      | 7004 ||| INVOKING Heroism.
  7010 | D:9      | 7010 ||| Stepping ~*~*~tactically~*~*~ (cloud).
  7049 | D:9      | 7049 ||| FLEEEEING.
  7050 | D:9      | 7050 ||| FLEEEEING.
  7051 | D:9      | 7051 ||| FLEEEEING.
  7056 | D:9      | 7056 ||| INVOKING Heroism.
  7085 | D:9      | Reached skill level 12 in Ranged Weapons
  7253 | D:9      | Found an ancient bone altar of Kikubaaqudgha.
  7278 | D:9      | Reached **** piety under Okawaru
  7313 | D:9      | Noticed Maurice
  7328 | D:9      | Killed Maurice
  7340 | D:9      | 7340 ||| RETREATING.
  7351 | D:9      | 7351 ||| Stepping ~*~*~tactically~*~*~ (retreating).
  7352 | D:9      | 7352 ||| Stepping ~*~*~tactically~*~*~ (retreating).
  7364 | D:9      | 7364 ||| INVOKING Heroism.
  7630 | D:9      | Found a hide-covered altar of Uskayaw.
  7642 | D:9      | Noticed Erolcha
  7643 | D:9      | 7643 ||| INVOKING Heroism.
  7646 | Abyss:1  | Cast into level 1 of the Abyss (Erolcha)
  7689 | Abyss:1  | Noticed an orange demon
  7697 | Abyss:1  | Killed an orange demon
  7698 | Abyss:1  | Reached skill level 13 in Ranged Weapons
  7698 | Abyss:1  | Reached skill level 6 in Invocations
  7698 | Abyss:1  | Reached XP level 11. HP: 68/68 MP: 15/15
  7733 | Abyss:1  | Noticed an ophan
  7743 | Abyss:1  | Noticed a worldbinder
  7744 | Abyss:1  | 7744 ||| INVOKING Heroism.
  7744 | Abyss:1  | Killed from afar by an ophan

Levels and vault maps discovered:
D:1:      psy_arrival_terrarium, layout_basic, basic_ecumenical_altar
D:2:      layout_basic, basic_altar
D:3:      layout_loops_ring, uniq_ijyb
D:4:      layout_gridville, minmay_temple_entry_mist, serial_shops,
          nicolae_shop_dealshenge
D:5:      cheibrodos_quashed, layout_gridville, nicolae_overflow_crystal_walls,
          chequers_temple_overflow_minitemple, ashenzari_conservatory_becter,
          kennysheep_generic_room_12, uniq_blork_the_orc
D:6:      layout_loops_cross, nemelex_spade_bored_becter,
          lemuel_mausoleum_altar_yredelemnul, nicolae_elyvilon_temple_path,
          led_sif_pool, corexii_item_surrounded_by_moat,
          chequers_serial_rivers_room_b, dk_noncrumbling_2
D:7:      layout_rooms, mainiacjoe_overflow_alcove_4, uniq_maggie
D:8:      wad_woods_minihive, layout_basic, riverfiend_overflow_shadow_ancestor,
          jiyva_altar_1
D:9:      layout_basic, lemuel_round_altar, mainiacjoe_overflow_paths,
          enter_bailey_3, uniq_erolcha, uniq_maurice
Temple:   nicolae_temple_ecumenical_triangle
Abyss:1:  base:
D:4

Skill      XL: |  1  2  3  4  5  6  7  8  9 10 |
---------------+-------------------------------+-----
Ranged Weapons | 5 6 7 9 11 13 | 13.0
Fighting       | 3 4 6 7 8 |  8.0
Armour         | 1 3 4 5 |  5.1
Invocations    | 2 4 6 |  6.0
Dodging        | 2 3 |  3.0
Stealth        | |  1.1

Action                     |  1- 3 |  4- 6 |  7- 9 | 10-12 || total
---------------------------+-------+-------+-------+-------++-------
   Fire: Shortbow          |    88 |   177 |   422 |   128 ||   815
         Orcbow            |       |       |       |   191 ||   191
 Invoke: Heroism           |       |       |    10 |     5 ||    15
    Use: Scroll            |     3 |    12 |     3 |     3 ||    21
         Potion            |       |     1 |     1 |       ||     2
 Armour: Leather armour    |    20 |       |       |       ||    20
         Ring mail         |       |    54 |   165 |       ||   219
         Swamp dragon scal |       |       |    93 |   197 ||   290
  Dodge: Dodged            |    24 |    49 |   191 |   163 ||   427

Table legend:
 A = Non-vault XP
 B = Vault XP
 C = Vault XP percentage of total XP
 D = Non-vault monster count
 E = Vault monster count
 F = Vault count percentage of total count
                 A         B        C        D         E       F
            +---------+---------+-------+---------+---------+-------
      Total |    5876 |    3609 |  38.0 |     154 |      57 |  27.0
            +---------+---------+-------+---------+---------+-------
        D:1 |      58 |       0 |   0.0 |      27 |       0 |   0.0
        D:2 |      36 |       0 |   0.0 |      12 |       0 |   0.0
        D:3 |     112 |      36 |  24.3 |      22 |       1 |   4.3
        D:4 |     125 |       0 |   0.0 |      12 |       0 |   0.0
        D:5 |     867 |     112 |  11.4 |      14 |       2 |  12.5
        D:6 |     715 |     418 |  36.9 |      18 |      12 |  40.0
        D:7 |     510 |     409 |  44.5 |       8 |       1 |  11.1
        D:8 |     749 |    2171 |  74.3 |      18 |      36 |  66.7
        D:9 |    2302 |     463 |  16.7 |      21 |       5 |  19.2
    Abyss:1 |     402 |       0 |   0.0 |       2 |       0 |   0.0
            +---------+---------+-------+---------+---------+-------
